Map: 紫晶浪漫-天梯版

Players

呆呆

  • Race: Terran Terran
  • League: Bronze

cooper - Winner!

  • Race: Zerg Zerg

VOD

Have the link to the VOD?

Description

Time

  • Played on: July 20, 2021, 5:07 a.m.
  • Length: 5:43
Show
View Real Time Build Order
Export as new Build Order

呆呆 Terran 

Build Orders:  

Get SALT Encoding   

  12  0:01  SCV  
  13  0:17  Supply Depot  
  13  0:21  SCV  
  13  0:26  Refinery  
  14  0:41  SCV  
  15  0:46  Barracks  
  15  0:53  SCV  
  16  1:13  SCV  
  17  1:34  Barracks  
  17  1:39  Barracks Tech Lab  
  17  1:41  Supply Depot  
  17  1:44  SCV  
  18  1:58  SCV  
  18  2:00  Combat Shield  
  19  2:02  Marine  
  20  2:20  Factory, Marine  
  21  2:42  Barracks Reactor  
  21  2:50  Command Center  
  21  3:00  Marine  
  22  3:08  Factory Tech Lab  
  22  3:18  Marine  
  23  3:20  SCV  
  23  3:22  Refinery  
  24  3:36  Marine  
  24  3:39  Stimpack  
  25  3:53  Orbital Command  
  25  3:56  Marine  
  26  4:08  SCV  
  26  4:09  Refinery  
  27  4:20  SCV, Siege Tank  
  27  4:23  Marine x3  
  34  4:31  Barracks  
  34  4:32  SCV  
  35  4:38  SCV  
  35  4:41  Marine  
  35  4:44  SCV  
  38  4:50  SCV  
  38  4:52  Marine  
  40  4:55  Marine  
  40  4:56  SCV  
  40  4:57  Siege Tank  
  40  4:58  Marine  
  46  5:10  Starport  
  46  5:21  Supply Depot  
  46  5:26  Barracks Reactor, SCV  
  43  5:29  Barracks  
Show
View Real Time Build Order
Export as new Build Order

cooper Zerg - Winner!

Build Orders: Hatch First 

Get SALT Encoding   

  12  0:02  Drone  
  13  0:13  Overlord  
  13  0:17  Drone  
  14  0:31  Drone x2  
  16  0:49  Hatchery  
  15  0:54  Drone  
  15  0:56  Drone  
  17  1:00  Drone  
  18  1:10  Extractor  
  17  1:16  Spawning Pool  
  16  1:20  Drone  
  16  1:22  Drone  
  18  1:29  Drone  
  19  1:42  Drone  
  20  1:51  Overlord  
  20  2:05  Queen x2  
  20  2:07  Zergling x4  
  26  2:20  Hatchery  
  25  2:26  Drone x2  
  25  2:29  Drone  
  28  2:34  Drone x2  
  30  2:40  Drone  
  31  2:45  Queen  
  31  2:51  Metabolic Boost  
  33  2:57  Overlord  
  33  3:01  Drone  
  33  3:02  Drone  
  33  3:03  Drone  
  36  3:10  Roach Warren  
  35  3:13  Drone  
  35  3:15  Drone  
  37  3:21  Extractor  
  37  3:23  Extractor  
  35  3:27  Drone x2  
  35  3:28  Drone x3  
  35  3:29  Drone  
  41  3:35  Drone  
  41  3:38  Overlord  
  42  3:43  Overlord  
  42  3:44  Overlord  
  42  3:54  Roach  
  42  3:55  Roach x2  
  48  4:03  Roach  
  48  4:04  Roach x2  
  54  4:11  Roach x2  
  58  4:20  Roach x3  
  64  4:25  Overlord  
  64  4:33  Roach x2  
  64  4:34  Roach  
  64  4:35  Zergling x2  
  64  4:37  Zergling x2  
  72  4:45  Overlord x2  
  72  4:49  Zergling x2  
  72  4:50  Zergling x2  
  72  4:51  Ravager  
  72  4:52  Ravager  
  76  4:53  Ravager  
  76  4:59  Zergling x2  
  78  5:00  Zergling x4  
  78  5:04  Zergling x4  
  78  5:06  Zergling x2  
  83  5:08  Zergling x2  
  83  5:12  Ravager x2  
  86  5:16  Zergling x6  
Tags
 
Add a new tag
Caveats
  • Supply blocks, unpowered buildings, or Contaminate may cause inaccurate times.
  • Supply counts are checked every 10 seconds.